 Dungeon Sprint DCSS version 0.30-a0-802-gb92711bcdf (webtiles) character file.

Game seed: 2451625135397252723

166 rocky1 the Geomancer (level 5, -8/38 HPs)
             Began as a Demigod Earth Elementalist on Feb 23, 2023.
             Mangled by a sixfirhy (12 damage)
             ... summoned by a kobold demonologist
             ... in the Dungeon (Sprint III: "The Ten Rune Challenge").
             The game lasted 00:01:18 (592 turns).

rocky1 the Geomancer (Demigod Earth Elementalist)    Turns: 592, Time: 00:01:19

Health: -8/38      AC:  2    Str:  9    XL:     5   Next: 2%
Magic:  13/16      EV: 12    Int: 21    God:
Gold:   8          SH:  0    Dex: 14    Spells: 13/14 levels left

rFire   . . .      SeeInvis .    h - +0 club
rCold   . . .      Faith    .    (no shield)
rNeg    . . .      Spirit   .    a - +0 robe
rPois   .          Reflect  .    (no helmet)
rElec   .          Harm     .    (no cloak)
rCorr   .          Rampage  .    (no gloves)
Will    .....      NoTele   +    (no boots)
Stlth   ++                       (no amulet)
HPRegen 0.26/turn                (no ring)
MPRegen 0.15/turn                (no ring)

@: no status effects
A: high MP 1, forlorn, divine attributes
a: no special abilities


You were in the Dungeon.
You visited 1 branch You collected 8 gold pieces.

Inventory:

Hand Weapons
 h - a +0 club (weapon)
Armour
 a - a +0 robe (worn)
Scrolls
 g - a scroll of blinking
 i - 2 scrolls of poison {unknown}
 j - 3 scrolls of identify
Potions
 b - 3 potions of magic
 c - a potion of curing
 d - a potion of heal wounds
 e - a potion of haste
 f - a potion of berserk rage
 k - 3 potions of flight
 l - 6 potions of mutation


   Skills:
 - Level 1.7 Dodging
 - Level 1.7 Stealth
 + Level 5.4 Spellcasting
 - Level 0.8 Transmutations
 * Level 8.4 Earth Magic


You had 13 spell levels left.
You knew the following spells:

 Your Spells              Type           Power      Damage    Failure   Level
a - Sandblast             Erth           82%        2d17      1%          1

Your spell library contained the following spells:

 Spells                   Type           Power      Damage    Failure   Level
 Passwall                 Tmut/Erth      20%        N/A       2%          2
 Stone Arrow              Conj/Erth      46%        3d9       5%          3
 Petrify                  Tmut/Erth      25%        N/A       16%         4


Dungeon Overview and Level Annotations

Branches:
Dungeon (1/1)


Innate Abilities, Weirdness & Mutations

You have an increased reservoir of magic. (+10% MP)
You shall have no god before yourself.
Your divine heritage dramatically boosts your attributes as you level up.


Message History

Your Spellcasting skill increases to level 5!
Your Earth Magic skill gained 2 levels and is now at level 8!
You have reached level 4!
You start resting.
Magic restored.
You start resting.
You start resting.
HP restored.
You start waiting.
You start waiting.
Done waiting.
There is an open door to the Ecumenical Temple here.
You open the door.
A wizard comes into view. It is wielding a +0 dagger.
Found a book of Dreams.
Found three altars.
Aiming: Sandblast (safe; 1% risk of failure)
Press: ? - help, Q - select action Shift-Dir - straight line, f - wizard
Aim: a wizard, wielding a +0 dagger and wearing a +0 robe (asleep, 100% to hit)
The blast of sand hits the wizard!
You kill the wizard!
You hear a shout!
You have reached level 5!
A kobold demonologist comes into view. It is wielding a +0 dagger.
The kobold demonologist casts a spell.
There is an open door here.
Aiming: Sandblast (safe; 1% risk of failure)
Press: ? - help, Q - select action Shift-Dir - straight line, f - sixfirhy
Aim: a sixfirhy (summoned, 65% to hit)
The blast of sand hits the sixfirhy!!
The sixfirhy is heavily wounded.
The sixfirhy hits you. The sixfirhy shocks you!
The sixfirhy closely misses you. The sixfirhy hits you.
The sixfirhy shocks you! The sixfirhy hits you. The sixfirhy shocks you!
* * * LOW HITPOINT WARNING * * *
Aiming: Sandblast (safe; 1% risk of failure)
Press: ? - help, Q - select action Shift-Dir - straight line, f - kobold demonologist, p - sixfirhy
Aim: a kobold demonologist, wielding a +0 dagger and wearing a +0 robe (79% to hit)
Okay, then.
The sixfirhy attacks as you move away! The sixfirhy hits you!
You die...

#..#....♣♣ ♣.#
####....♣♣♣ ♣♣.#
...#....~.♣♣♣..###+#+###
...#...~~♣.....#........
..[#..~~~~.♣.♣.'.⌠......
##'#..~≈≈~~~♣..#...#####
†..#.~~≈~~~....#.⌠.#
.†.#.~≈~~~.....#...#
...#.~~~.......#@###
####...........#K3.#
...............#___#
▓▓▓▓▓▓▓▓▓▓▓▓▓▓▓▓▓▓▓▓


You could see a kobold demonologist and a sixfirhy (summoned).

Vanquished Creatures
  A water elemental (D)
  A scorpion (D)
  A wizard (D)
  A human (D)
  2 endoplasms (D)
  2 rats (D)
8 creatures vanquished.

Notes
Turn   | Place    | Note
-------+----------+-------------------------------------------
     0 | D        | rocky1 the Demigod Earth Elementalist began the quest for
                  | the Orb.
     0 | D        | Reached XP level 1. HP: 14/14 MP: 5/5
     4 | D        | Reached skill level 3 in Earth Magic
    96 | D        | Noticed a scorpion
   104 | D        | Killed a scorpion
   105 | D        | Reached skill level 6 in Earth Magic
   105 | D        | Reached XP level 2. HP: 14/20 MP: 1/9
   105 | D        | Reached XP level 3. HP: 18/26 MP: 1/11
   293 | D        | Noticed a water elemental
   298 | D        | Killed a water elemental
   299 | D        | Reached skill level 5 in Spellcasting
   299 | D        | Reached skill level 8 in Earth Magic
   299 | D        | Reached XP level 4. HP: 3/33 MP: 8/14
   590 | D        | Reached XP level 5. HP: 38/38 MP: 14/16
   591 | D        | Noticed a sixfirhy
   592 | D        | Mangled by a sixfirhy

Illustrated notes

Levels and vault maps discovered:
D:        dungeon_sprint_mu [sprint_mu_entry_forest, sprint_mu_temple_rooms,
          sprint_mu_d1_horrors, sprint_mu_d2_genie, sprint_mu_d3_branching,
          sprint_mu_orc_legion, sprint_mu_elf_gauntlet, sprint_mu_hive_nellie,
          sprint_mu_lair_fedhas, sprint_mu_vaults_butterflies,
          sprint_mu_slime_circle, sprint_mu_swamp_cave, sprint_mu_snake_twists,
          sprint_mu_blade_basic, sprint_mu_crypt_chambers,
          sprint_mu_tomb_spiral, sprint_mu_vestibule_basic,
          sprint_mu_gehenna_hellfire, sprint_mu_dis_giant,
          sprint_mu_tartarus_statrot, sprint_mu_cocytus_islands, sprint_mu_zot1]

Skill      XL: |  1  2  3 |
---------------+----------+-----
Spellcasting   | 4 5 |  5.4
Earth Magic    | 6 8 |  8.4
Dodging        | |  1.7
Stealth        | |  1.7
Transmutations | |  0.8

Action                     |  1- 3 |  4- 6 || total
---------------------------+-------+-------++-------
   Cast: Sandblast         |    20 |     2 ||    22
 Armour: Robe              |     3 |       ||     3
  Dodge: Dodged            |     4 |     1 ||     5

Table legend: (Time is in decaauts)
 A = Elapsed time spent in this place.
 B = Non-inter-level travel time spent in this place.
 C = Inter-level travel time spent in this place.
 D = Time resting spent in this place.
 E = Time spent auto-exploring this place.
 F = Levels seen in this place.
 G = Mean time per level.
                   A        B        C        D        E       F      G
               +--------+--------+--------+--------+--------+-----+--------+
         Total |    604 |    604 |      0 |    469 |      0 |   1 |  604.0 |
       Dungeon |    604 |    604 |      0 |    469 |      0 |   1 |  604.0 |
               +--------+--------+--------+--------+--------+-----+--------+

Top non-repeatable levels by time:
       D: 604 daAuts
